 Dungeon Crawl Stone Soup version 0.21-a0-632-g1e37ce5 (webtiles) character file.

25484 Lanoc the Cleaver (level 12, -20/110 HPs)
             Began as a Minotaur Monk on Dec 28, 2017.
             Was a High Priest of Okawaru.
             Killed from afar by a necromancer (29 damage)
             ... with a bolt of fire
             ... on level 14 of the Dungeon.
             The game lasted 00:50:10 (16153 turns).

Lanoc the Cleaver (Minotaur Monk)                  Turns: 16153, Time: 00:50:11

Health: -20/110    AC: 29    Str: 25    XL:     12   Next: 89%
Magic:  24/24      EV: 10    Int:  7    God:    Okawaru [*****.]
Gold:   898        SH:  0    Dex: 14    Spells: 11/11 levels left

rFire    . . .     SeeInvis +   m - +1 executioner's axe (flame)
rCold    . . .     Gourm    .   (shield currently unavailable)
rNeg     . . .     Faith    .   a - +1 crystal plate armour "Zomanukku" {MP+9 Str+3}
rPois    +         Spirit   .   N - +2 hat
rElec    .         Reflect  .   Q - +2 cloak {+Inv}
rCorr    .         Harm     .   j - +1 pair of gloves {archery}
MR       .....                  (no boots)
Stlth    ..........             I - amulet of magic regeneration
HPRegen  0.28/turn              H - ring of Lies {rPois Str+2}
MPRegen  0.44/turn              x - ring of see invisible

@: hasted, very quick
A: retaliatory headbutt, horns 2
a: Heroism, Finesse, Renounce Religion, Evoke Invisibility


You were on level 14 of the Dungeon.
You worshipped Okawaru.
Okawaru was extremely pleased with you.
You were not hungry.

You visited 2 branches of the dungeon, and saw 15 of its levels.

You collected 898 gold pieces.

Inventory:

Hand Weapons
 m - a +1 executioner's axe of flaming (weapon)
 K - a +0 longbow
Missiles
 q - 446 arrows
Armour
 a - the +1 crystal plate armour "Zomanukku" (worn) {MP+9 Str+3}
   (You acquired it on level 12 of the Dungeon)

   It affects your strength (+3).
   It affects your magic capacity (+9).
 j - a +1 pair of gloves of archery (worn)
 C - +1 ice dragon scales
 N - a +2 hat (worn)
 Q - a +2 cloak of invisibility (worn)
 Y - the +0 leather armour of Untruth {rF+ rN+ Int+4 Stlth+}
   (You found it on level 11 of the Dungeon)

   It affects your intelligence (+4).
   It protects you from fire.
   It protects you from negative energy.
   It makes you more stealthy.
Jewellery
 r - a +4 ring of dexterity
 x - a ring of see invisible (right hand)
 z - an uncursed ring of protection from magic
 H - the ring of Lies (left hand) {rPois Str+2}
   (You found it on level 13 of the Dungeon)

   [ring of strength]

   It affects your strength (+2).
   It protects you from poison.
 I - an amulet of magic regeneration (around neck)
Wands
 v - a wand of enslavement (30)
 y - a wand of disintegration (22)
 A - a wand of clouds (6)
 D - a wand of iceblast (23)
 F - a wand of random effects (46)
 J - a wand of paralysis (16)
 U - a wand of digging (34)
 W - a wand of polymorph (15)
 X - a wand of flame (37)
Scrolls
 d - 3 scrolls of teleportation
 e - 7 scrolls of remove curse
 f - 3 scrolls of amnesia
 g - 2 scrolls of enchant weapon
 l - a scroll of blinking
 n - a scroll of identify
 s - 3 scrolls of enchant armour
 u - 3 scrolls of fear
 O - a scroll of summoning
Potions
 b - 4 potions of might
 h - 2 potions of haste
 i - 9 potions of curing
 k - 2 potions of brilliance
 o - 4 potions of cancellation
 p - 2 potions of mutation
 t - 2 potions of ambrosia
 B - a potion of flight
 E - a potion of resistance
 R - 2 potions of agility
Books
 G - the Grimoire of Helpful Malediction
   (You found it on level 6 of the Dungeon)

   Spells                             Type                      Level
   a - Infusion                       Charms                       1
   b - Confusing Touch                Hexes                        1
   c - Inner Flame                    Hexes/Fire                   3
   d - Fulminant Prism                Conjuration/Hexes            4
   e - Metabolic Englaciation         Hexes/Ice                    5
   f - Darkness                       Hexes                        6
 T - a book of Frost

   Spells                             Type                      Level
   a - Freeze                         Ice                          1
   b - Throw Frost                    Conjuration/Ice              2
   c - Ozocubu's Armour               Charms/Ice                   3
   d - Throw Icicle                   Conjuration/Ice              4
   e - Summon Ice Beast               Ice/Summoning                4
 Z - the Grimoire of the Snowflakes and the Birds
   (You found it on level 11 of the Dungeon)

   Spells                             Type                      Level
   a - Swiftness                      Charms/Air                   2
   b - Ozocubu's Armour               Charms/Ice                   3
   c - Summon Lightning Spire         Summoning/Air                4
   d - Lightning Bolt                 Conjuration/Air              5
   e - Freezing Cloud                 Conjuration/Ice/Air          6
Comestibles
 c - 34 rations
 L - 6 chunks of flesh


   Skills:
 + Level 11.2 Fighting
 * Level 14.9 Axes
 + Level 5.1 Bows
 + Level 10.5 Armour
 + Level 10.3 Dodging
 - Level 1.5 Stealth
 + Level 6.1 Invocations
 + Level 4.1 Evocations


You had 11 spell levels left.
You didn't know any spells.

Dungeon Overview and Level Annotations

Branches:
Dungeon (14/15)            Temple (1/1) D:7            Lair (0/6) D:8
    Orc (0/2) D:11
 Vaults: D:13-14

Altars:
Ashenzari
Cheibriados
Dithmenos
Elyvilon
Fedhas
Gozag
Hepliaklqana
Kikubaaqudgha
Makhleb
Nemelex Xobeh
Okawaru
Qazlal
Ru
Sif Muna
Trog
Uskayaw
Vehumet
Wu Jian
Xom
Yredelemnul
Zin
The Shining One

Shops:
D:5 ?


Innate Abilities, Weirdness & Mutations

You reflexively headbutt those who attack you in melee.
You have a pair of horns on your head.


Message History

You hear a shout! x3; You hear a howl!
The necromancer casts a spell.
The necromancer binds the souls of nearby monsters.
You hear a shout!
You closely miss the necromancer. Your headbutt misses the necromancer.
The necromancer is heavily wounded.
The necromancer points at you and mumbles some strange words.
Your body is wracked with pain!
* * * LOW HITPOINT WARNING * * *
The two-headed ogre hits you but does no damage. x2
The necromancer mumbles some strange words.
The necromancer binds the souls of nearby monsters.
Okay, then.
The necromancer hits you but does no damage.
Some of the chunks of flesh in your inventory have rotted away.
You feel yourself speed up. The necromancer closely misses you.
You furiously retaliate!
You headbutt the necromancer.
The necromancer gestures at you while chanting.
The bolt of fire hits you!
You die...

≈≈≈≈# .≈≈≈≈#
############.≈≈≈#
.............<≈###
##..........≈....
##≈###..(.........
#≈≈≈##.#Op###..###
≈≈≈≈≈#.#..# .#
≈≈≈≈≈≈.#@############
≈≈≈≈≈≈≈#.†(..)....).###
≈≈≈≈≈≈†††.......÷)).'_#
≈≈≈≈≈≈≈≈≈.......).).###
≈≈≈≈≈≈≈≈≈############
≈≈≈≈≈≈≈≈.. ≈≈≈≈≈≈≈...#
≈≈≈≈≈≈###.# ≈≈≈≈≈. .#


You could see a two-headed ogre and a necromancer.

Vanquished Creatures
  A catoblepas (D:12)
  A tengu warrior (D:14)
  5 two-headed ogres
  3 unseen horrors
  The ghost of cirnu the Slasher, a novice DsFi (D:6)
  A cyclops (D:13)
  A deep elf mage (D:14)
  4 ugly things
  A manticore (D:13)
  Maurice (D:8)
  An efreet (D:13)
  A tengu conjurer (D:14)
  A freezing wraith (D:14)
  A harpy zombie (D:10)
  A troll (D:14)
  3 meliai (D:13)
  A hornet (D:11)
  6 hippogriffs
  11 yaks
  Sigmund (D:6)
  A wyvern (D:13)
  3 humans (D:14)
  A basilisk (D:8)
  3 hungry ghosts
  A steam dragon (D:11)
  4 vampire mosquitoes (D:13)
  A warg (D:11)
  A soldier ant (D:10)
  Duvessa (D:7)
  2 water moccasins
  An eye of draining (D:8)
  4 ice beasts
  2 hornet zombies
  6 orc warriors
  5 sky beasts
  2 phantoms
  5 ogres
  A necrophage (D:6)
  12 centaurs
  A crocodile (D:8)
  4 big kobolds
  12 bullfrogs
  5 gnoll sergeants
  A water moccasin skeleton (D:8)
  Dowan (D:7)
  3 scorpions
  A killer bee (D:10)
  A wight (D:8)
  7 electric eels
  6 howler monkeys
  8 crimson imps
  3 centaur zombies
  A quasit (D:13)
  2 bullfrog zombies
  3 bullfrog skeletons
  10 hounds
  4 jellies
  21 orc priests
  6 centaur skeletons
  An iguana (D:8)
  17 orc wizards
  10 worker ants
  Terence (D:3)
  3 hound skeletons
  20 gnolls
  2 worker ant zombies
  10 adders
  4 shadow imps
  2 oozes
  2 adder zombies
  7 worms
  5 dart slugs
  7 leopard geckos
  58 orcs
  2 giant cockroaches
  13 goblins
  6 hobgoblins
  21 jackals
  2 quokkas
  A ball python (D:1)
  12 bats
  5 frilled lizards
  24 kobolds
  4 rats
441 creatures vanquished.

Vanquished Creatures (collateral kills)
  A sky beast (D:11)
1 creature vanquished.

Vanquished Creatures (others)
  A howler monkey (D:14)
1 creature vanquished.

Grand Total: 443 creatures vanquished

Notes
Turn   | Place    | Note
-------+----------+-------------------------------------------
     0 | D:1      | Lanoc the Minotaur Monk began the quest for the Orb.
     0 | D:1      | Reached XP level 1. HP: 19/19 MP: 0/0
   165 | D:1      | Reached XP level 2. HP: 27/27 MP: 1/1
   204 | D:1      | Reached skill level 4 in Axes
   276 | D:1      | Reached skill level 1 in Armour
   488 | D:1      | Reached XP level 3. HP: 32/33 MP: 2/2
   971 | D:2      | Reached XP level 4. HP: 38/40 MP: 3/3
  1209 | D:2      | Reached skill level 5 in Axes
  1572 | D:3      | Noticed Terence
  1582 | D:3      | Killed Terence
  1582 | D:3      | Reached XP level 5. HP: 33/47 MP: 4/4
  2018 | D:3      | Noticed a sky beast
  2030 | D:3      | Killed a sky beast
  2030 | D:3      | Reached XP level 6. HP: 31/55 MP: 5/5
  2189 | D:3      | Reached skill level 6 in Axes
  2585 | D:3      | Reached skill level 5 in Fighting
  3408 | D:5      | Entered Level 5 of the Dungeon
  3419 | D:5      | Noticed a sky beast
  3425 | D:5      | Killed a sky beast
  3425 | D:5      | Reached XP level 7. HP: 61/61 MP: 6/6
  3456 | D:5      | Reached skill level 5 in Dodging
  3465 | D:5      | Reached skill level 7 in Axes
  3718 | D:5      | Found Wuss's Magic Scroll Emporium.
  4132 | D:6      | Noticed Sigmund
  4138 | D:6      | Reached skill level 8 in Axes
  4138 | D:6      | Reached XP level 8. HP: 70/70 MP: 7/7
  4148 | D:6      | Reached skill level 5 in Armour
  4164 | D:6      | Reached skill level 9 in Axes
  4169 | D:6      | Noticed a two-headed ogre
  4174 | D:6      | HP: 2/71 [two-headed ogre/giant club (4)]
  4547 | D:6      | Killed Sigmund
  4547 | D:6      | Reached XP level 9. HP: 79/79 MP: 8/8
  4579 | D:6      | Identified the Grimoire of Helpful Malediction
  4662 | D:6      | Found an opulent altar of Gozag.
  4755 | D:6      | Killed a two-headed ogre
  4755 | D:6      | Reached skill level 10 in Axes
  5022 | D:6      | Noticed cirnu's ghost (novice DsFi)
  5036 | D:6      | Killed cirnu's ghost
  5329 | D:6      | Reached skill level 11 in Axes
  5744 | D:7      | Found a staircase to the Ecumenical Temple.
  5773 | Temple   | Entered the Ecumenical Temple
  5838 | Temple   | Became a worshipper of Warmaster Okawaru
  5838 | Temple   | Reached * piety under Okawaru
  5838 | Temple   | Reached ** piety under Okawaru
  5896 | D:7      | Noticed Duvessa
  5896 | D:7      | Noticed Dowan
  5901 | D:7      | Killed Dowan
  5901 | D:7      | Reached XP level 10. HP: 89/90 MP: 9/9
  5918 | D:7      | Killed Duvessa
  6285 | D:7      | Found a snail-covered altar of Cheibriados.
  6464 | D:7      | Reached skill level 1 in Invocations
  6597 | D:8      | Noticed Maurice
  6600 | D:8      | Noticed a two-headed ogre
  6608 | D:8      | Paralysed by something for 4 turns
  6623 | D:8      | Killed a two-headed ogre
  6623 | D:8      | Reached *** piety under Okawaru
  6628 | D:8      | Paralysed by something for 6 turns
  6648 | D:8      | Killed Maurice
  6858 | D:8      | Reached skill level 12 in Axes
  6887 | D:8      | Noticed a two-headed ogre
  6901 | D:8      | Killed a two-headed ogre
  6912 | D:8      | Found a staircase to the Lair.
  6988 | D:8      | Reached **** piety under Okawaru
  7777 | D:8      | Reached XP level 11. HP: 97/97 MP: 12/12
  9296 | D:10     | Entered Level 10 of the Dungeon
 10050 | D:11     | Noticed a green ugly thing
 10070 | D:11     | Killed a green ugly thing
 10070 | D:11     | Reached skill level 13 in Axes
 10070 | D:11     | Reached skill level 1 in Bows
 10449 | D:9      | Killed an unseen horror
 10449 | D:9      | Reached ***** piety under Okawaru
 10449 | D:9      | Reached skill level 1 in Evocations
 10703 | D:10     | Reached skill level 10 in Fighting
 10705 | D:10     | Received a gift from Okawaru
 10857 | D:10     | Killed an unseen horror
 12135 | D:11     | Found a staircase to the Orcish Mines.
 12262 | D:11     | Got a smelly leather armour
 12273 | D:11     | Identified the cursed +0 leather armour of Untruth {rF+ rN+ Int+4 Stlth+} (You found it on level 11 of the Dungeon)
 12279 | D:11     | Identified 3 scrolls of acquirement
 12411 | D:11     | Identified the Grimoire of the Snowflakes and the Birds
 13279 | D:12     | Killed an unseen horror
 13279 | D:12     | Reached skill level 5 in Invocations
 13715 | D:13     | Noticed a two-headed ogre
 13719 | D:13     | Noticed a catoblepas
 13719 | D:13     | Reached XP level 12. HP: 98/107 MP: 14/14
 13727 | D:13     | Killed a two-headed ogre
 13727 | D:13     | Reached skill level 14 in Axes
 13782 | D:12     | HP: 5/108 [something/blast of calcifying dust (8)]
 13787 | D:12     | Killed a catoblepas
 14203 | D:13     | Reached skill level 10 in Armour
 14213 | D:13     | Got a scorched marble ring
 14263 | D:13     | Identified the ring of Lies {rPois Str+2} (You found it on level 13 of the Dungeon)
 14342 | D:13     | HP: 2/108 [meliai/divine providence (17)]
 14752 | D:12     | Got an ancient crystal plate armour
 14763 | D:12     | Identified the +1 crystal plate armour "Zomanukku" {MP+9 Str+3} (You acquired it on level 12 of the Dungeon)
 14931 | D:13     | Received a gift from Okawaru
 14940 | D:13     | Reached skill level 10 in Dodging
 15664 | D:14     | Received a gift from Okawaru
 15869 | D:14     | Found a deep blue altar of Sif Muna.
 15888 | D:14     | Noticed a two-headed ogre
 15892 | D:14     | Noticed a tengu warrior
 15895 | D:14     | Killed a two-headed ogre
 15907 | D:14     | Killed a tengu warrior
 15907 | D:14     | Reached skill level 5 in Bows
 15915 | D:14     | Received a gift from Okawaru
 16147 | D:14     | Noticed a two-headed ogre
 16153 | D:14     | Killed from afar by a necromancer

Vault maps used:
D:1:      dpeg_arrival_round_c
D:2:      first_ration, minmay_small_reverse_x
D:3:      minmay_item_behind_shaft, uniq_terence
D:5:      serial_shops, shop_statue
D:6:      cheibrodos_fzero, lemuel_doored_altar, uniq_sigmund
D:7:      minmay_temple_entry_grid, serial_corexii_hall, corexii_hall_statues_s,
          corexii_hall_statues_x, corexii_hall_statues_u,
          corexii_hall_statues_t, grunt_ogre_cave, chei_slow_surprise,
          uniq_duvessa
D:8:      david_lair_generic, sword_in_stone, uniq_maurice
D:9:      kennysheep_boxes
D:10:     cheibrodos_elevator_heist
D:11:     erik_orc_3
D:13:     lab_entry_generic
D:14:     grunt_vaults_entry_tiered, lemuel_blue_sif_altar,
          minmay_misc_feat_room
Temple:   nicolae_temple_the_god_donut

Skill      XL: |  1  2  3  4  5  6  7  8  9 10 11 12 |
---------------+-------------------------------------+-----
Axes           | 4 5 6 8 9 11 12 13 14 | 14.9
Armour         | 1 2 3 4 6 7 8 9 10 | 10.5
Fighting       | 4 5 6 7 8 9 10 11 | 11.2
Dodging        | 4 5 6 7 8 9 10 | 10.3
Invocations    | 3 5 6 |  6.1
Bows           | 3 5 |  5.1
Evocations     | 2 4 |  4.1
Stealth        | |  1.5

Action                   |  1- 3 |  4- 6 |  7- 9 | 10-12 || total
-------------------------+-------+-------+-------+-------++-------
Melee: Hand axe          |    83 |   140 |       |       ||   223
       Headbutt          |    11 |    27 |    43 |   174 ||   255
       War axe           |       |    49 |   238 |    38 ||   325
       Broad axe         |       |       |       |   671 ||   671
       Battleaxe         |       |       |       |    73 ||    73
       Executioner's axe |       |       |       |    30 ||    30
 Fire: Shortbow          |       |       |       |     1 ||     1
  Use: Scroll            |       |       |     8 |    26 ||    34
       Potion            |       |       |     1 |    10 ||    11
 Stab: Sleeping          |     6 |     3 |       |     1 ||    10
       Petrified         |       |       |       |     7 ||     7
  Eat: Chunk             |       |     8 |     9 |    32 ||    49
       Ration            |       |       |     1 |     2 ||     3
Armor: Robe              |    19 |    30 |       |       ||    49
       Ice dragon scales |       |    15 |   127 |   587 ||   729
       Leather armour    |       |       |       |    11 ||    11
       Crystal plate arm |       |       |       |   195 ||   195
Dodge: Dodged            |    79 |   128 |   179 |   619 ||  1005

Table legend:
 A = Spawn XP
 B = Non-spawn XP
 C = Spawn XP percentage of total XP
 D = Spawn monster count
 E = Non-spawn monster count
 F = Spawn count percentage of total count
 G = Total turns spent on level
                    A         B        C        D         E        F      G
               +---------+---------+-------+---------+---------+-------+---------
         Total |       0 |   36407 |   0.0 |       0 |     443 |   0.0 | 16153
               +---------+---------+-------+---------+---------+-------+---------
           D:1 |       0 |      61 |   0.0 |       0 |      32 |   0.0 |   791
           D:2 |       0 |      93 |   0.0 |       0 |      29 |   0.0 |   689
           D:3 |       0 |     362 |   0.0 |       0 |      32 |   0.0 |  1319
           D:4 |       0 |     141 |   0.0 |       0 |      13 |   0.0 |   609
           D:5 |       0 |     721 |   0.0 |       0 |      18 |   0.0 |   719
           D:6 |       0 |    3378 |   0.0 |       0 |      45 |   0.0 |  1340
           D:7 |       0 |    1364 |   0.0 |       0 |      35 |   0.0 |  1049
           D:8 |       0 |    4913 |   0.0 |       0 |      45 |   0.0 |  1295
           D:9 |       0 |    1849 |   0.0 |       0 |      27 |   0.0 |  2452
          D:10 |       0 |    3879 |   0.0 |       0 |      43 |   0.0 |  1678
          D:11 |       0 |    3372 |   0.0 |       0 |      38 |   0.0 |   816
          D:12 |       0 |    2611 |   0.0 |       0 |      17 |   0.0 |  2083
          D:13 |       0 |    6380 |   0.0 |       0 |      32 |   0.0 |   647
          D:14 |       0 |    7283 |   0.0 |       0 |      37 |   0.0 |   589
               +---------+---------+-------+---------+---------+-------+---------
